 Dungeon Crawl Stone Soup version 0.28-a0-1038-g9c4cb8273d (webtiles) character file.

Game seed: 1898505296320256947

44654 tilp the Destroyer (level 13, -10/52 (58) HPs)
             Began as a Felid Ice Elementalist on Dec 8, 2021.
             Was the Champion of Ru.
             Shot with an arrow by a centaur warrior (20 damage)
             ... on level 13 of the Dungeon.
             The game lasted 01:13:26 (33766 turns).

tilp the Destroyer (Felid Ice Elementalist)        Turns: 33766, Time: 01:13:27

HP:   -10/52 (58)   AC:  3    Str:  2    XL:     13   Next: 97%
MP:   20/26         EV: 22    Int: 24    God:    Ru [******]
Gold: 3699          SH:  0    Dex: 17    Spells: 13/28 levels left
                                        Lives: 0   Deaths: 3

rFire   + . .      SeeInvis +     - Unarmed
rCold   + . .      Faith    .   (shield unavailable)
rNeg    . . .      Spirit   .   (armour unavailable)
rPois   .          Reflect  .   (helmet unavailable)
rElec   +          Harm     .   (cloak unavailable)
rCorr   .          Rampage  .   (gloves unavailable)
Will    .....                   (boots unavailable)
Stlth   +++++.....              w - amulet of magic regeneration
HPRegen 0.17/turn               c - ring of protection from fire
MPRegen 0.60/turn               k - ring of Arrival {Fly rElec Str-2 Int+3}

@: exhausted, flying, heavily drained, quick
A: very small, claws 1, fangs 3, see invisible, speed 1, shaggy fur 3, inability
to use devices, hated by all, weak-willed 1, unskilled 1, stealthy paws, no
weapons or thrown items, no armour, multi-lived
a: Renounce Religion, Draw Out Power, Power Leap, Apocalypse


You were on level 13 of the Dungeon.
You worshipped Ru.
Ru was exalted by your worship.
You visited 4 branches of the dungeon, and saw 22 of its levels.
You also visited: Bailey and Volcano.

You collected 3699 gold pieces.

Inventory:

Jewellery
 a - an amulet of regeneration
 b - a ring of protection from fire
 c - a ring of protection from fire (left paw)
 e - a ring of protection from fire
 h - a ring of protection from cold
 i - an amulet of the acrobat
 k - the ring of Arrival (right paw) {Fly rElec Str-2 Int+3}
   (You found it on level 4 of the Dungeon)

   [ring of flight]

   Str:       It affects your strength (-2).
   Int:       It affects your intelligence (+3).
   rElec:     It insulates you from electricity.
   Fly:       It grants you flight.
 p - a ring of ice
 s - a +4 ring of evasion
 w - an amulet of magic regeneration (around neck)
 x - the ring of Gompuf {Fire rCorr}
   (You found it on level 6 of the Lair of Beasts)

   [ring of fire]

   It enhances your fire magic.
   rF:        It protects you from fire.
   rC:        It makes you vulnerable to cold.
   rCorr:     It protects you from acid and corrosion.
Scrolls
 d - 10 scrolls of teleportation
 n - 3 scrolls of identify
 r - 2 scrolls of magic mapping
 t - a scroll of acquirement
 y - a scroll of silence
 A - 2 scrolls of blinking
Potions
 f - 2 potions of attraction
 g - 4 potions of mutation
 j - 6 potions of cancellation
 l - 5 potions of might
 m - a potion of ambrosia
 o - 4 potions of haste
 q - a potion of berserk rage
 u - a potion of heal wounds
 v - 11 potions of curing
 z - a potion of resistance
 B - a potion of invisibility
 C - a potion of magic
 D - a potion of brilliance


   Skills:
 + Level 8.1 Fighting
 + Level 8.3 Dodging
 + Level 10.2 Stealth
 + Level 10.1 Unarmed Combat
 - Level 8.0 Spellcasting
 - Level 12.0 Conjurations
 - Level 6.0 Hexes
 - Level 12.0 Ice Magic


You had 13 spell levels left.
You knew the following spells:

 Your Spells              Type           Power      Damage    Failure   Level
a - Freeze                Ice            100%       1d11      1%          1
b - Frozen Ramparts       Ice            100%       1d12      1%          3
c - Ozocubu's Armour      Ice            61%        N/A       1%          3
d - Hailstorm             Conj/Ice       61%        3d13      1%          4
e - Ensorcelled Hibernat  Hex/Ice        100%       N/A       1%          2
f - Searing Ray           Conj           100%       2d8       1%          2

Your spell library contained the following spells:

 Spells                   Type           Power      Damage    Failure   Level
 Pain                     Necr           36%        1d5       6%          1
 Sting                    Tmut/Pois      36%        1d4       6%          1
 Corpse Rot               Necr/Air       18%        N/A       10%         2
 Passwall                 Tmut/Erth      7%         N/A       10%         2
 Poisonous Vapours        Pois/Air       18%        N/A       10%         2
 Lightning Bolt           Conj/Air       19%        1d33      16%         5
 Spider Form              Tmut/Pois      9%         N/A       19%         3
 Swiftness                Air            9%         N/A       19%         3
 Olgreb's Toxic Radiance  Pois           9%         N/A       54%         4
 Agony                    Necr           9%         N/A       87%         5
 Blade Hands              Tmut           4%         N/A       87%         5
 Portal Projectile        Hex/Tloc       Unusable   N/A       N/A         3
 Excruciating Wounds      Necr           Unusable   N/A       N/A         5

Dungeon Overview and Level Annotations

Branches:
Dungeon (13/15)            Temple (1/1) D:7            Lair (6/6) D:10
  Swamp (0/4) Lair:4        Snake (0/4) Lair:2        Slime (0/5) Lair:5
    Orc (2/2) D:11            Elf (0/3) Orc:2        Bailey (visited)
Volcano (visited)
 Vaults: D:13-14

Altars:
Ashenzari
Cheibriados
Dithmenos
Elyvilon
Fedhas
Gozag
Hepliaklqana
Kikubaaqudgha
Makhleb
Nemelex Xobeh
Okawaru
Qazlal
Ru
Sif Muna
Trog
Uskayaw
Vehumet
Wu Jian
Xom
Yredelemnul
Zin
The Shining One
Beogh

Shops:
D:4 *   D:5 [   Orc:2 **[(*

Annotations:
D:9 1 runed translucent door (flayed ghost)
D:12 1 transporter, exclusions: orange crystal statue and 2 vampire mosquitoes, Rupert; ThreePoint314's ghost, journeyman DrIE
Lair:2 Gastronok
Lair:5 1 runed translucent door, Killmatronix's ghost, journeyman DsAK


Innate Abilities, Weirdness & Mutations

You have sharp claws.
You have razor-sharp teeth.
You have supernaturally acute eyesight. (SInv)
You cover ground quickly. (Speed+)
Your thick and shaggy fur keeps you warm. (AC +3, rC+)
You cannot study or use magical devices.
You are hated by all.
You are slightly weak-willed. (Will-)
You are somewhat unskilled. (-1 Apt)
Your paws help you pounce on unaware monsters.
You are incapable of wielding weapons or throwing items.
You cannot wear armour.
You gain extra lives every three experience levels.


Message History

The quasit disappears in a puff of smoke!
You finish channelling your searing ray.
Unknown command.
Your icy armour cracks and falls away as you move.
Things that are here:
a +0 dagger; a +0 robe; a kobold corpse
Things that are here:
a +0 dagger; a +0 robe; a kobold corpse
There is an open door here.
There is an open door here. 2 centaurs come into view.
There are monsters nearby!
There are monsters nearby!
There are monsters nearby!
Found a trident. 2 centaurs and a centaur warrior come into view.
A catoblepas comes into view.
The catoblepas bellows!
The centaur shouts!
You hear a shout!
The centaur warrior shouts!
The centaur warrior wields a +0 longbow.
The centaur warrior shoots an arrow.
The arrow hits you!!
You focus your inner power and paralyse the centaur warrior in retribution!
The catoblepas begins to attack, but is stunned by your conviction!
The centaur shouts! x2
Activating: Apocalypse
Press: ? - help, Dir - look around, f - activate You reveal the great annihilating truth to your foes!
You kill the centaur! x4
The catoblepas is paralysed by terrible understanding!
You kill the centaur warrior!
You feel drained.
You hear a shout!
A centaur warrior comes into view.
Unknown command.
Unknown command.
The centaur warrior wields a +0 longbow.
The centaur warrior shoots an arrow.
The arrow hits you!!
* * * LOW HITPOINT WARNING * * *
The centaur warrior shoots an arrow.
The arrow hits you!!
You die...

.........#.####.....
.........#.#.....c......
.........#.#.....# .....
.........#.#.....#......
..)..............#......
#)...............#Y.....
....###.#...##.)..).....
....# #.#...##.....#....
.....
...####.....##..@.)....#
....
......'................#
....
................).......
....
#########)#############.
##... ... #. .... #.#
#... #.# #... #.# # #...
#.# #. #...


You could see a catoblepas (paralysed) and a centaur warrior.

Vanquished Creatures
  An orc warlord (Orc:2)
  Azrael (D:12)
  A rakshasa (D:13)
  3 boulder beetles
  2 centaur warriors
  5 hydras
  A catoblepas (Lair:5)
  3 two-headed ogres
  A tengu warrior (D:13)
  11 death yaks
  Urug (D:12)
  Sonja (Lair:2)
  2 orc high priests (Orc:2)
  A fire crab (Lair:6)
  2 orc knights
  A deep elf pyromancer (D:12)
  A cyclops (D:12)
  An oklob plant (Lair:1)
  3 orc sorcerers
  3 ugly things
  15 elephants
  Maurice (D:13)
  4 black mambas
  4 gargoyles
  A torpor snail (Lair:2)
  The ghost of ThreePoint314 the Ruffian, a novice DrTm (D:5)
  4 rime drakes
  15 cane toads
  4 kobold demonologists
  A komodo dragon (shapeshifter) (D:13)
  4 komodo dragons
  An efreet (Volcano)
  A tengu conjurer (D:13)
  5 trolls
  5 hornets
  5 polar bears (Lair:6)
  34 blink frogs
  A dream sheep (Lair:6)
  4 slime creatures
  3 shadows (D:9)
  13 spriggans (Lair:6)
  2 fire bats (D:9)
  2 basilisks
  33 yaks
  2 wraiths (D:9)
  2 wyverns
  3 fire elementals (D:12)
  4 wargs
  2 nagas (Lair:2)
  An acid dragon (D:10)
  18 water moccasins
  2 hell hounds (D:12)
  7 black bears
  39 orc warriors
  2 ice beasts
  A hornet zombie (D:5)
  7 ogres
  23 wolves
  4 boggarts (Lair:6)
  17 centaurs
  3 phantoms
  2 kobold brigands
  15 bullfrogs
  5 scorpions
  A water moccasin skeleton (D:4)
  8 killer bees
  3 wights (D:9)
  3 centaur zombies
  2 electric eels
  3 howler monkeys (D:8)
  2 hounds
  3 bullfrog skeletons
  2 centaur skeletons
  29 orc priests
  6 jellies
  Ijyb (D:5)
  Terence (D:3)
  An iguana (D:5)
  25 orc wizards
  7 hell rats (Lair:1)
  2 killer bee zombies
  A hound skeleton (D:4)
  4 howler monkey zombies
  7 gnolls
  4 adders
  A shadow imp (D:5)
  An ufetubus (D:5)
  An adder skeleton (D:4)
  An adder zombie (D:5)
  A worm (D:3)
  2 dart slugs
  126 orcs
  9 ball pythons
  11 bats
  2 endoplasms
  4 giant cockroaches
  12 goblins
  9 hobgoblins
  13 jackals
  A quokka (D:2)
  2 frilled lizards
  22 kobolds
  4 rats
704 creatures vanquished.

Vanquished Creatures (others)
  A hydra (Lair:3)
  A lindwurm (Lair:5)
  A blink frog (Lair:3)
  A slime creature (D:10)
  A basilisk (Lair:4)
  A yak (Lair:6)
  A water moccasin (Lair:2)
  An orc warrior (Orc:1)
  An orc (Orc:1)
  75 fungi
  92 plants
176 creatures vanquished.

Grand Total: 880 creatures vanquished

Notes
Turn   | Place    | Note
-------+----------+-------------------------------------------
     0 | D:1      | tilp the Felid Ice Elementalist began the quest for the
                  | Orb.
     0 | D:1      | Reached XP level 1. HP: 7/7 MP: 4/4
   370 | D:1      | Found a faded altar of an unknown god.
   378 | D:1      | Reached skill level 1 in Unarmed Combat
   435 | D:1      | Reached XP level 2. HP: 11/11 MP: 4/6
   785 | D:1      | Reached XP level 3. HP: 12/14 MP: 3/7
   916 | D:1      | Got the Volume of Combat Magic and Envenoming
  2075 | D:2      | Reached XP level 4. HP: 18/18 MP: 0/8
  2247 | D:2      | Learned a level 3 spell: Frozen Ramparts
  2251 | D:2      | Learned a level 3 spell: Ozocubu's Armour
  2559 | D:3      | Noticed Terence
  3477 | D:4      | Noticed a necrophage
  3661 | D:3      | Killed Terence
  3662 | D:3      | Reached XP level 5. HP: 21/21 MP: 1/10
  3754 | D:3      | Identified a scroll of acquirement
  3754 | D:3      | Acquired 1119 gold pieces
  3805 | D:3      | Learned a level 2 spell: Searing Ray
  3821 | D:4      | Found Nenn's Fire Supplies.
  3927 | D:4      | Reached skill level 5 in Ice Magic
  4543 | D:4      | Identified the ring of Arrival {Fly rElec Str-2 Int+3}
  4585 | D:4      | Reached skill level 1 in Conjurations
  4660 | D:5      | Entered Level 5 of the Dungeon
  4666 | D:5      | Noticed a phantom
  4739 | D:5      | Noticed a phantom
  4783 | D:4      | Gained mutation: You are covered in thick fur. (AC +2)
                  | [Felid growth]
  4783 | D:4      | Reached XP level 6. HP: 24/24 MP: 0/12
  5011 | D:5      | Found Inkegax's Antique Armour Shop.
  5214 | D:5      | Noticed Ijyb
  5225 | D:5      | Killed Ijyb
  5399 | D:5      | Found a transporter.
  5401 | D:5      | Noticed ThreePoint314's ghost (novice DrTm)
  5402 | D:5      | Found a transporter.
  5440 | D:5      | Reached XP level 7. HP: 27/27 MP: 1/14
  5948 | D:5      | Reached skill level 1 in Fighting
  6452 | D:6      | Reached XP level 8. HP: 32/32 MP: 3/15
  6455 | D:6      | Learned a level 2 spell: Ensorcelled Hibernation
  6460 | D:6      | Learned a level 4 spell: Hailstorm
  6832 | D:6      | Reached skill level 5 in Stealth
  7321 | D:7      | Reached skill level 1 in Hexes
  8186 | D:7      | Found a staircase to the Ecumenical Temple.
  8193 | D:7      | Reached skill level 5 in Conjurations
  8193 | D:7      | Reached XP level 9. HP: 36/36 MP: 13/16
  8233 | D:7      | Found a radiant altar of Vehumet.
  8358 | Temple   | Entered the Ecumenical Temple
  8494 | Temple   | Became a worshipper of Ru the Awakened
  8882 | D:8      | Noticed a troll
  8991 | D:8      | Found a flagged portal.
  8997 | Bailey   | Entered a bailey
  9140 | Bailey   | Noticed an orc warlord
  9416 | Bailey   | Found a runed translucent gate.
  9418 | Bailey   | Found a runed translucent gate.
  9420 | Bailey   | Found a runed translucent gate.
  9427 | Bailey   | Noticed an orc knight
  9754 | Bailey   | Killed an orc knight
 10156 | Bailey   | Reached skill level 5 in Spellcasting
 10156 | Bailey   | Reached XP level 10. HP: 42/42 MP: 16/19
 10662 | D:8      | Paralysed by a hornet for 1 turns
 11268 | D:9      | Found an iron altar of Okawaru.
 11268 | D:9      | Found a hide-covered altar of Uskayaw.
 11376 | D:9      | Noticed a red ugly thing
 11417 | D:9      | Killed a red ugly thing
 11531 | D:9      | Noticed a two-headed ogre
 11553 | D:9      | Killed a two-headed ogre
 11856 | D:9      | Reached XP level 11. HP: 46/46 MP: 10/21
 11870 | D:9      | Gained mutation: You are slightly weak-willed. (Will-) [Ru
                  | sacrifice]
 11870 | D:9      | Reached * piety under Ru
 12327 | D:9      | Noticed a boulder beetle
 12339 | D:9      | Killed a boulder beetle
 12437 | D:9      | Found a hide-covered altar of Uskayaw.
 12541 | D:9      | Found a runed translucent door.
 12609 | D:9      | Found a burning altar of Makhleb.
 12622 | D:9      | Found a radiant altar of Vehumet.
 12628 | D:9      | Noticed a flayed ghost
 12793 | D:9      | Found a hide-covered altar of Uskayaw.
 12863 | D:9      | Found an opulent altar of Gozag.
 12927 | D:9      | Found a shimmering altar of Xom.
 12995 | D:10     | Entered Level 10 of the Dungeon
 13679 | D:10     | Noticed a two-headed ogre
 14212 | D:10     | Found a stormy altar of Qazlal.
 14506 | D:10     | Found a staircase to the Lair.
 14524 | D:10     | Killed a two-headed ogre
 14752 | D:11     | Noticed a two-headed ogre
 15015 | D:11     | Killed a two-headed ogre
 15153 | D:11     | Reached skill level 10 in Ice Magic
 15156 | D:11     | Gained mutation: Your thick and shaggy fur keeps you warm.
                  | (AC +3, rC+) [Felid growth]
 15156 | D:11     | Reached XP level 12. HP: 36/49 MP: 2/24
 15212 | D:11     | Gained mutation: You are hated by all. [Ru sacrifice]
 15212 | D:11     | Reached ** piety under Ru
 15212 | D:11     | Reached *** piety under Ru
 15636 | D:11     | Reached skill level 10 in Conjurations
 15679 | D:11     | Found a staircase to the Orcish Mines.
 16339 | Lair:1   | Entered Level 1 of the Lair of Beasts
 17344 | Lair:2   | Noticed Sonja
 17348 | Lair:2   | Killed Sonja
 17349 | Lair:2   | Reached skill level 5 in Fighting
 17588 | Lair:2   | Found a staircase to the Snake Pit.
 17709 | Lair:2   | Noticed a five-headed hydra
 17728 | Lair:2   | Killed a five-headed hydra
 18081 | Lair:2   | Noticed Gastronok
 18272 | Lair:2   | Gained mutation: You are somewhat unskilled. (-1 Apt) [Ru
                  | sacrifice]
 18272 | Lair:2   | Reached **** piety under Ru
 18474 | Lair:2   | Noticed a death yak
 18475 | Lair:2   | Noticed a death yak
 18487 | Lair:2   | Killed a death yak
 18490 | Lair:2   | Killed a death yak
 18692 | Lair:3   | Noticed a seven-headed hydra
 19193 | Lair:3   | Slain by a cane toad
 19194 | Lair:3   | Reached XP level 11. HP: -2/48 MP: 13/22
 19555 | Lair:3   | Reached XP level 12. HP: 52/52 MP: 11/23
 19836 | Lair:3   | Reached skill level 10 in Stealth
 19987 | Lair:3   | Killed a seven-headed hydra
 20496 | Lair:4   | Found a dark tunnel.
 20503 | Volcano  | Entered a volcano
 21023 | Lair:4   | Gained mutation: You cannot study or use magical devices.
                  | [Ru sacrifice]
 21023 | Lair:4   | Reached ***** piety under Ru
 21023 | Lair:4   | Reached ****** piety under Ru
 21200 | Lair:4   | Found a staircase to the Swamp.
 21220 | Lair:4   | Noticed an eight-headed hydra
 21227 | Lair:4   | Killed an eight-headed hydra
 21550 | Lair:5   | Found a runed translucent door.
 21980 | Lair:5   | Reached skill level 10 in Unarmed Combat
 22167 | Lair:5   | Reached XP level 13. HP: 50/57 MP: 18/25
 22296 | Lair:5   | Slain by a catoblepas
 22297 | Lair:5   | Reached XP level 12. HP: -1/54 MP: 15/24
 22310 | Lair:5   | Killed a catoblepas
 22326 | Lair:5   | Killed a death yak
 22356 | Lair:5   | Identified the +7 trident of Disarray {flame, rElec}
 22589 | Lair:5   | Noticed Killmatronix's ghost (journeyman DsAK)
 22679 | Lair:5   | Found a staircase to the Slime Pits.
 22933 | Lair:5   | Noticed a death yak
 22937 | Lair:5   | Killed a death yak
 22937 | Lair:5   | Killed a death yak
 22938 | Lair:5   | Reached skill level 5 in Hexes
 23005 | Lair:5   | Noticed a death yak
 23006 | Lair:5   | Noticed a death yak
 23006 | Lair:5   | Noticed a death yak
 23007 | Lair:5   | Noticed a death yak
 23010 | Lair:5   | Noticed a death yak
 23011 | Lair:5   | Killed a death yak
 23011 | Lair:5   | Killed a death yak
 23011 | Lair:5   | Killed a death yak
 23014 | Lair:5   | Noticed a death yak
 23293 | Lair:5   | Killed a death yak
 23339 | Lair:5   | Killed a death yak
 23437 | Lair:5   | Killed a death yak
 23837 | D:5      | Killed ThreePoint314's ghost
 24021 | D:5      | Identified the +7 flail of Cowardice {spect, rN+ rCorr
                  | Int+5}
 24181 | Orc:1    | Entered Level 1 of the Orcish Mines
 24649 | Orc:2    | Entered Level 2 of the Orcish Mines
 24737 | Orc:2    | Found Ahun's Assorted Antiques.
 24914 | Orc:2    | Noticed an orc high priest
 24940 | Orc:2    | Killed an orc high priest
 24996 | Orc:2    | Found Olemuptu's Assorted Antiques.
 25894 | Orc:2    | Reached XP level 13. HP: 56/56 MP: 12/26
 26005 | Orc:2    | Reached skill level 10 in Ice Magic
 26143 | Orc:2    | Reached skill level 10 in Conjurations
 26358 | Orc:2    | Found a staircase to the Elven Halls.
 26764 | Orc:2    | Found Pesar's Assorted Antiques.
 26881 | Orc:2    | Noticed an orc warlord
 27311 | Orc:2    | Killed an orc warlord
 27553 | Orc:2    | Found Mucwysk's Antique Armour Shoppe.
 27555 | Orc:2    | Found Seene's Antique Weapon Emporium.
 27758 | Lair:1   | Killed from afar by an oklob plant
 27759 | Lair:1   | Reached XP level 12. HP: -1/54 MP: 16/25
 28189 | Lair:6   | Entered Level 6 of the Lair of Beasts
 28350 | Lair:6   | Noticed a boulder beetle
 28357 | Lair:6   | Killed a boulder beetle
 28841 | Lair:6   | Noticed a six-headed hydra
 29042 | Lair:6   | Killed a six-headed hydra
 29107 | Lair:6   | Reached XP level 13. HP: 4/58 MP: 24/26
 30223 | Lair:6   | Identified the ring of Gompuf {Fire rCorr}
 31075 | D:12     | Noticed Urug
 31088 | D:12     | Killed Urug
 31642 | D:12     | Noticed Rupert
 31979 | D:12     | Noticed Azrael
 31993 | D:12     | Killed Azrael
 32517 | D:12     | Noticed ThreePoint314's ghost (journeyman DrIE)
 32533 | D:12     | Found a transporter.
 32811 | D:12     | Noticed a purple very ugly thing
 33266 | D:13     | Noticed Maurice
 33273 | D:13     | Killed Maurice
 33287 | D:13     | Identified the +10 trident "Rehos" {vorpal, Drain rPois
                  | Str+7}
 33766 | D:13     | Shot with an arrow by a centaur warrior

Illustrated notes

Levels and vault maps discovered:
D:1:      heliophobic_arrival_glass_houses, layout_rooms,
          nicolae_ecumenical_snake_handling, st_stairs_11,
          kennysheep_nondescript, minivault_19, chequers_serial_rivers_room_a,
          chequers_serial_rivers_large_b
D:2:      layout_loops_corners
D:3:      layout_rooms, serial_aquarium, aquarium_bridge_island_small
          [aquarium_subvault_small_water, aquarium_subvault_wall,
          aquarium_subvault_balcony, aquarium_subvault_wall,
          aquarium_subvault_bridge], aquarium_bridge_straight
          [aquarium_subvault_bridge, aquarium_subvault_wall,
          aquarium_subvault_bridge, aquarium_subvault_wall],
          aquarium_window_corridor_3, aquarium_window_corner,
          aquarium_window_fake, aquarium_view_2d, aquarium_view_2f,
          aquarium_pool_2, minmay_strange_pillars, uniq_terence
D:4:      layout_cave_pools, serial_column_ruins, column_ruins_open_tiny,
          column_ruins_open_large, column_ruins_grid_4,
          column_ruins_columns_corner, column_ruins_columns_dead_end,
          column_ruins_columns_straight, nicolae_shop_fire_sale
          [nicolae_sub_dead_trees], minmay_misc_feat_rows
D:5:      layout_rooms, gammafunk_ghost_mausoleum, serial_shops, shop,
          minivault_11, minmay_misc_feat_plants, minmay_chambers_of_fives,
          uniq_ijyb
D:6:      layout_basic
D:7:      layout_loops_corners, mainiacjoe_overflow_alcove_4,
          minmay_temple_entry_proselytizer
D:8:      layout_loops_corners, enter_bailey_2
D:9:      due_megacathedral, layout_basic, jmf_multi_god_temple
D:10:     layout_long_grid, grunt_qazlal_sundering,
          grunt_lair_entry_orc_guard_hut
D:11:     layout_roguey [special_room_orc], david_orc_5
D:12:     layout_long_grid, gammafunk_ghost_abyssal_escape, drop_trap,
          minmay_protected_statue, uniq_rupert, uniq_azrael, uniq_urug
D:13:     layout_basic, roderic_lattice_a, uniq_maurice
Temple:   mainiacjoe_temple_coin_purse
Lair:1:   layout_cave_pods, minmay_lair_oklob_bushes, beast_lair_carwin_5
Lair:2:   layout_loops_ring, minmay_snake_entry_guardpost_small, st_stairs_11,
          serial_bayou_shore_a, uniq_sonja, uniq_gastronok
Lair:3:   layout_big_grid
Lair:4:   layout_regular_city, swamp_mist, nicolae_volcano_entry_s_turn,
          minmay_stone_trees_small, minivault_27,
          chequers_serial_rivers_large_a, st_stairs_3
Lair:5:   layout_regular_city, minmay_slime_entry_pillars,
          ebering_ghost_funeral_grove
Lair:6:   minmay_lair_end_enchanted_forest, layout_layer_cave,
          serial_bayou_lagoon_a, chequers_serial_rivers_small_a
Orc:1:    layout_caves
Orc:2:    grunt_orc_community_town_hall, layout_caves,
          grunt_orc_community_big_house_2, grunt_orc_community_big_house_2,
          grunt_orc_community_house_1, grunt_orc_community_house_2,
          grunt_orc_community_house_1, grunt_orc_community_house_3,
          grunt_orc_community_house_2, grunt_orc_community_house_1,
          serial_shops, shop, basic_altar

Skill      XL: |  1  2  3  4  5  6  7  8  9 10 11 12 13 |
---------------+----------------------------------------+-----
Unarmed Combat | 1 2 3 4 6 7 8 10 | 10.1
Ice Magic      | 4 5 6 8 10 11 12 | 12.0
Spellcasting   | 3 4 5 6 7 8 |  8.0
Conjurations   | 1 2 4 5 7 8 9 11 12 | 12.0
Fighting       | 1 2 3 4 8 |  8.1
Dodging        | 3 4 6 8 7 |  8.3
Stealth        | 3 6 7 8 10 | 10.2
Hexes          | 2 4 6 |  6.0

Action                   |  1- 3 |  4- 6 |  7- 9 | 10-12 | 13-15 || total
-------------------------+-------+-------+-------+-------+-------++-------
Melee: Unarmed           |    39 |    40 |    44 |   398 |   139 ||   660
       Bite              |       |     5 |     3 |    28 |     9 ||    45
       Punch             |       |       |       |    13 |     5 ||    18
 Cast: Freeze            |    54 |    33 |    20 |    25 |       ||   132
       Ozocubu's Armour  |       |    12 |    19 |    95 |    39 ||   165
       Frozen Ramparts   |       |    10 |    20 |    85 |    29 ||   144
       Searing Ray       |       |     8 |    22 |    84 |    36 ||   150
       Ensorcelled Hiber |       |       |    11 |    59 |    31 ||   101
       Hailstorm         |       |       |     1 |   161 |    75 ||   237
Invok: Sacrifice Essence |       |       |       |     1 |       ||     1
       Apocalypse        |       |       |       |     5 |     3 ||     8
       Draw Out Power    |       |       |       |     3 |     2 ||     5
       Sacrifice Artific |       |       |       |     1 |       ||     1
       Sacrifice Love    |       |       |       |     1 |       ||     1
       Sacrifice Skill   |       |       |       |     1 |       ||     1
       Power Leap        |       |       |       |       |     1 ||     1
Evoke: Wand              |       |     4 |    11 |     3 |       ||    18
  Use: Scroll            |     2 |     6 |     4 |    14 |     3 ||    29
       Potion            |       |       |     1 |     3 |     1 ||     5
 Stab: Sleeping          |     7 |     4 |    12 |    42 |    18 ||    83
       Paralysed         |       |       |       |     9 |     2 ||    11
       Distracted        |       |       |       |     5 |     5 ||    10
       Invisible         |       |       |       |     4 |       ||     4
       Petrified         |       |       |       |     2 |       ||     2
Armor: Skin              |     6 |    11 |    19 |    83 |    42 ||   161
Dodge: Dodged            |    62 |    63 |    83 |   496 |   218 ||   922

Table legend: (Time is in decaauts)
 A = Elapsed time spent in this place.
 B = Non-inter-level travel time spent in this place.
 C = Inter-level travel time spent in this place.
 D = Time resting spent in this place.
 E = Time spent auto-exploring this place.
 F = Levels seen in this place.
 G = Mean time per level.
                   A        B        C        D        E       F      G
               +--------+--------+--------+--------+--------+-----+--------+
         Total |  30485 |  28673 |   1812 |   8753 |  14508 |  24 | 1270.2 |
       Dungeon |  16640 |  15643 |    997 |   4039 |   9043 |  13 | 1280.0 |
        Temple |    117 |     94 |     23 |      0 |     81 |   1 |  117.0 |
          Lair |   9362 |   8687 |    675 |   2563 |   4548 |   6 | 1560.3 |
  Orcish Mines |   3145 |   3030 |    115 |   1515 |    775 |   2 | 1572.5 |
        Bailey |   1082 |   1082 |      0 |    634 |     58 |   1 | 1082.0 |
       Volcano |    137 |    137 |      0 |      0 |      0 |   1 |  137.0 |
               +--------+--------+--------+--------+--------+-----+--------+

Top non-repeatable levels by time:
  Lair:5: 2137 daAuts
    D:11: 1960 daAuts
  Lair:6: 1912 daAuts
   Orc:2: 1879 daAuts
  Lair:2: 1664 daAuts
     D:9: 1654 daAuts
    D:10: 1591 daAuts
     D:5: 1520 daAuts
    D:12: 1505 daAuts
     D:3: 1327 daAuts
  Lair:3: 1322 daAuts
     D:1: 1299 daAuts
     D:7: 1280 daAuts
  Lair:1: 1276 daAuts
   Orc:1: 1266 daAuts
